AoeStats
← Cattiva

Arena

509467893Analyzed
4v4 RM · 4d ago on Sep 26, 2026· 47m 47s· 8 players
Game mode
Random Map
Map size
Large (8 player)
Population
200
Speed
Normal
Resources
Standard
Victory
Conquest
Starting age
Dark Age
Ending age
Imperial Age
RankedLock teamsTeams togetherTeam positionsShared explorationLock speedFull tech treeHidden civsTurbo modeCheats
Victory
Defeat
🇨🇳 Khmer · China
1417
+13
🇨🇳 Hindustanis · China
1329
+17
🇨🇳 Wei · China
1298
+18
1108
+26
🇨🇳 Koreans · China
1376
-20
🇦🇹 Cumans · Austria
1376
-20
🇦🇷 Mongols · Argentina
1338
-18
🇹🇼 Byzantines · Taiwan
1289
-16
lobo
10:27 Feudal Age
11:17 Double-Bit Axe
14:18 Castle Age
12:35 Horse Collar
14:46 Wheelbarrow
21:06 Stone Mining
21:48 Bow Saw
23:26 Hand Cart
23:23 Heavy Plow
24:02 Stone Shaft Mining
24:00 Loom
24:10 Gold Mining
26:38 Gold Shaft Mining
26:05 Fletching
29:47 Imperial Age
27:17 Bodkin Arrow
27:24 Padded Archer Armor
28:04 Fervor
28:24 Ballistics
28:15 Fortified Wall
28:24 Town Watch
29:22 Masonry
30:00 Husbandry
30:12 Bloodlines
30:25 Thumb Ring
30:03 Elite Mangudai
31:04 Bracer
32:01 Parthian Tactics
32:42 Chemistry
32:30 Conscription
32:34 Leather Archer Armor
32:50 Drill
35:31 Hoardings
37:18 Siege Engineers
38:57 Caravan
43:25 Heavy Scorpion
Cattiva
11:38 Feudal Age
10:17 Loom
15:15 Castle Age
13:28 Double-Bit Axe
13:32 Horse Collar
16:11 Bow Saw
16:04 Heavy Plow
22:55 Gold Mining
24:36 Wheelbarrow
25:11 Gold Shaft Mining
25:36 Hand Cart
25:43 Hand Cart
28:26 Imperial Age
26:12 Stone Mining
26:36 Fortified Wall
27:29 Scale Mail Armor
27:40 Forging
27:37 Pikeman
28:39 Squires
28:29 Halberdier
28:32 Elite Varangian Guard
28:58 Gambesons
28:59 Arson
30:25 Chemistry
29:55 Chain Mail Armor
30:44 Iron Casting
30:01 Fletching
29:56 Treadmill Crane
30:55 Stone Shaft Mining
31:33 Two-Man Saw
30:08 Capped Ram
32:23 Ballistics
32:06 Devotion
32:39 Plate Mail Armor
32:13 Padded Archer Armor
31:50 Siege Ram
35:24 Bodkin Arrow
35:44 Leather Archer Armor
36:20 Conscription
36:11 Logistica
36:36 Hoardings
36:53 Bracer
37:25 Ring Archer Armor
36:57 Caravan
36:55 Murder Holes
37:22 Faith
36:38 Elite Skirmisher
37:48 Thumb Ring
40:45 Scale Barding Armor
40:53 Guilds
44:07 Stone Shaft Mining
46:44 Crop Rotation
ZiGZAG
6:14 Loom
9:25 Feudal Age
10:20 Double-Bit Axe
10:17 Horse Collar
11:56 Wheelbarrow
20:47 Castle Age
19:58 Stone Mining
19:58 Gold Mining
20:55 Town Watch
22:05 Hand Cart
24:58 Bloodlines
25:00 Forging
24:55 Scale Barding Armor
25:17 Bow Saw
29:33 Imperial Age
28:23 Iron Casting
30:28 Chain Barding Armor
29:51 Elite Steppe Lancer
31:14 Heavy Plow
31:48 Town Patrol
31:35 Light Cavalry
34:22 Fletching
34:32 Padded Archer Armor
37:37 Blast Furnace
36:34 Bodkin Arrow
36:54 Leather Archer Armor
38:38 Gold Shaft Mining
38:35 Crop Rotation
39:08 Two-Man Saw
37:46 Hussar
38:50 Scale Mail Armor
40:10 Plate Barding Armor
42:38 Ring Archer Armor
42:24 Chain Mail Armor
42:11 Elite Skirmisher
43:37 Ballistics
44:18 Chemistry
shinyorb
9:33 Feudal Age
13:37 Castle Age
12:05 Double-Bit Axe
12:18 Horse Collar
20:11 Bow Saw
22:14 Heavy Plow
23:27 Loom
23:31 Town Watch
25:40 Wheelbarrow
26:25 Gold Mining
27:47 Gold Shaft Mining
27:57 Stone Mining
28:42 Hand Cart
31:22 Imperial Age
29:50 Town Patrol
30:48 Fletching
31:09 Forging
30:59 Scale Mail Armor
31:39 Bodkin Arrow
32:34 Shinkichon
32:37 Conscription
33:26 Chemistry
32:33 Siege Engineers
32:13 Heavy Rocket Cart
33:37 Eupseong
33:40 Bracer
34:44 Two-Man Saw
35:13 Masonry
36:07 Guilds
37:11 Chain Mail Armor
37:32 Iron Casting
41:16 Fortified Wall
41:25 Scale Barding Armor
41:40 Elite Fire Lancer
44:50 Squires
860
11:14 Feudal Age
15:16 Castle Age
13:17 Double-Bit Axe
13:29 Horse Collar
14:39 Gold Mining
15:28 Stone Mining
16:18 Bow Saw
21:18 Loom
22:15 Wheelbarrow
25:10 Heavy Plow
28:40 Imperial Age
27:01 Gold Shaft Mining
27:21 Tuntian
28:06 Stone Shaft Mining
28:28 Hand Cart
28:05 Fletching
29:02 Bodkin Arrow
29:08 Padded Archer Armor
29:55 Conscription
30:01 Ming Guang Armor
30:45 Chemistry
30:05 Ballistics
30:51 Crop Rotation
30:55 Parthian Tactics
30:34 Bracer
32:33 Thumb Ring
33:02 Leather Archer Armor
34:48 Arson
35:03 Squires
34:23 Pikeman
35:48 Ring Archer Armor
35:23 Scale Barding Armor
35:29 Forging
35:56 Murder Holes
36:12 Masonry
36:12 Fortified Wall
37:50 Husbandry
38:01 Bloodlines
37:58 Light Cavalry
39:23 Iron Casting
39:10 Chain Barding Armor
38:41 Hussar
41:09 Blast Furnace
喜足天
9:29 Feudal Age
12:48 Castle Age
11:36 Double-Bit Axe
11:51 Horse Collar
17:53 Wheelbarrow
19:56 Bow Saw
22:35 Hand Cart
23:58 Loom
28:07 Imperial Age
25:33 Gold Mining
25:34 Stone Mining
26:53 Scale Barding Armor
27:30 Gold Shaft Mining
27:32 Stone Shaft Mining
28:26 Stone Shaft Mining
28:53 Husbandry
29:03 Bloodlines
29:14 Conscription
28:15 Elite Ballista Elephant
29:37 Double Crossbow
30:29 Chain Barding Armor
30:15 Heavy Plow
29:58 Light Cavalry
31:47 Hoardings
32:19 Chemistry
31:15 Murder Holes
32:42 Crop Rotation
33:34 Plate Barding Armor
34:41 Siege Engineers
35:33 Forging
35:13 Fletching
36:38 Masonry
37:54 Iron Casting
37:15 Bodkin Arrow
37:42 Ballistics
37:35 Fortified Wall
38:27 Hussar
40:08 Blast Furnace
39:41 Architecture
38:51 Capped Ram
41:20 Bracer
42:46 Siege Ram
活在故事里的骑士
10:25 Feudal Age
14:34 Castle Age
15:39 Double-Bit Axe
15:35 Horse Collar
22:54 Heavy Plow
23:05 Bow Saw
25:02 Gold Mining
28:45 Imperial Age
27:00 Wheelbarrow
26:11 Loom
26:12 Town Watch
26:35 Scale Mail Armor
26:26 Gambesons
28:28 Hand Cart
28:13 Town Patrol
29:24 Elite Varangian Guard
29:50 Arson
30:05 Squires
32:08 Forging
32:13 Chain Mail Armor
31:43 Shield Wall
32:44 Conscription
32:45 Masonry
32:17 Treadmill Crane
32:58 Fortified Wall
33:34 Capped Ram
36:14 Plate Mail Armor
36:20 Iron Casting
45:30 Bloodlines
45:21 Husbandry
93老玩家回归
9:50 Feudal Age
14:22 Castle Age
12:27 Double-Bit Axe
12:23 Horse Collar
16:50 Wheelbarrow
28:13 Imperial Age
27:12 Hand Cart
26:42 Loom
26:43 Town Watch
26:54 Gold Mining
27:16 Bow Saw
27:09 Heavy Plow
27:21 Scale Barding Armor
27:27 Forging
28:32 Gold Shaft Mining
28:01 Stone Mining
28:52 Chain Barding Armor
29:42 Grand Trunk Road
30:04 Conscription
30:32 Plate Barding Armor
30:32 Iron Casting
29:49 Fletching
30:33 Husbandry
30:43 Bloodlines
29:54 Heavy Camel Rider
31:04 Ballistics
31:48 Chemistry
31:28 Imperial Camel Rider
33:28 Blast Furnace
33:43 Shatagni
34:05 Bodkin Arrow
34:10 Padded Archer Armor
34:32 Light Cavalry
39:38 Hussar
43:46 Hoardings
Connection lost

Rejoining the realm…

Still unreachable

The connection could not be restored.

Session expired

The server has moved on; the page needs a fresh start.